 Dungeon Crawl Stone Soup version 0.20.0-10-g0535bb4 (webtiles) character file.

157587 Firecrotchwizard the Bludgeoner (level 17, -1/156 HPs)
             Began as a Minotaur Berserker on June 6, 2017.
             Was the Champion of Trog.
             Slain by a five-headed hydra simulacrum (34 damage)
             ... on level 4 of the Swamp.
             The game lasted 01:37:37 (31077 turns).

Firecrotchwizard the Bludgeoner (MiBe)             Turns: 31077, Time: 01:37:38

Health: -1/156     AC: 39    Str: 25    XL:     17   Next: 12%
Magic:  4/8        EV: 24    Int: 12    God:    Trog [******]
Gold:   1379       SH:  0    Dex: 22    Spells: 16/16 levels left

rFire    . . .     SeeInvis +   y - +7 great mace (antimagic)
rCold    . . .     Gourm    .   (shield currently unavailable)
rNeg     + . .     Faith    .   V - +13 plate armour of the Guild-Master {rPois Int+4}
rPois    +         Spirit   .   (helmet restricted)
rElec    +         Reflect  .   h - +2 cloak {rPois}
rCorr    .         Harm     .   o - +2 pair of gloves
MR       +....                  L - +0 pair of boots
Stlth    ..........             w - amulet of Thoughtfulness {RegenMP rElec Str+3 Dex+5}
Regen    0.4/turn               Z - ring "Usaiwung" {rN+ Int+4 SInv Stlth-}
MPRegen  0.2/turn               Q - +6 ring of evasion

@: very slow
A: retaliatory headbutt, horns 2
a: Berserk, Trog's Hand, Brothers in Arms, Burn Spellbooks, Renounce Religion


You were on level 4 of the Swamp.
You worshipped Trog.
Trog was exalted by your worship.
You were very hungry.

You visited 4 branches of the dungeon, and saw 27 of its levels.
You also visited: Labyrinth, Sewer, Ossuary, Ice Cave and Volcano.

You collected 2413 gold pieces.
You spent 1034 gold pieces at shops.

Inventory:

Hand Weapons
 y - a +7 antimagic great mace (weapon)
   (Trog gifted it to you on level 8 of the Dungeon)
 X - a +4 arbalest of flaming
   (Trog gifted it to you on level 4 of the Swamp)
Missiles
 n - 22 bolts
Armour
 h - a +2 cloak of poison resistance (worn)
   (You found it on level 7 of the Dungeon)
 o - a +2 pair of gloves (worn)
   (You found it on level 3 of the Dungeon)
 L - a +0 pair of boots (worn)
   (You found it on level 6 of the Dungeon)
 V - the +13 plate armour of the Guild-Master (worn) {rPois Int+4}
   (You took it off a minotaur in a labyrinth)

   It affects your intelligence (+4).
   It protects you from poison.
Jewellery
 r - an uncursed ring of positive energy {rN+}
   (You took it off a minotaur in a labyrinth)
 w - the amulet of Thoughtfulness (around neck) {RegenMP rElec Str+3 Dex+5}
   (You found it on level 4 of the Dungeon)

   [amulet of magic regeneration]

   It increases your magic regeneration.
   It affects your strength (+3).
   It affects your dexterity (+5).
   It insulates you from electricity.
 I - an uncursed ring of protection from fire {rF+, !d}
   (You found it on level 6 of the Dungeon)
 J - a +6 ring of dexterity
   (You found it on level 6 of the Dungeon)
 Q - a +6 ring of evasion (right hand)
   (You found it on level 2 of the Lair of Beasts)
 Z - the ring "Usaiwung" (left hand) {rN+ Int+4 SInv Stlth-}
   (You found it in a labyrinth)

   [ring of loudness]

   It affects your intelligence (+4).
   It protects you from negative energy.
   It lets you see invisible.
   It makes you less stealthy.
Wands
 z - a wand of iceblast (13/15)
   (You found it on level 7 of the Dungeon)
 O - a wand of digging (11/24)
   (You found it on level 1 of the Swamp)
 P - a wand of scattershot (6/9)
   (You acquired it on level 13 of the Dungeon)
 T - a wand of lightning (10/15)
   (You found it on level 3 of the Lair of Beasts)
 Y - a wand of digging (9/24)
   (You found it on level 2 of the Swamp)
Scrolls
 l - 3 scrolls of fear
 q - 2 scrolls of recharging
 s - 2 scrolls of blinking {!r}
 u - 8 scrolls of identify
 B - a scroll of brand weapon
 F - 3 scrolls of remove curse
 G - 7 scrolls of teleportation
 H - a scroll of magic mapping {!r}
 M - 4 scrolls of summoning
 N - 3 scrolls of fog
 W - 3 scrolls of silence
Potions
 b - 4 potions of might
 d - 7 potions of brilliance
 e - 8 potions of flight
 f - a potion of invisibility {unknown}
 g - 15 potions of curing
 i - 3 potions of lignification {!q}
 m - 5 potions of cancellation
 v - 2 potions of berserk rage {!q}
 x - 4 potions of agility
 A - 3 potions of ambrosia
 C - 5 potions of mutation {!q}
 D - 4 potions of haste
 E - 2 potions of heal wounds
 K - 5 potions of magic
 U - 4 potions of resistance
Miscellaneous
 a - a phial of floods
   (You bought it in a shop on level 13 of the Dungeon)
 j - a lightning rod (2/4)
   (You found it on level 7 of the Dungeon)
 p - 2 phantom mirrors
 R - a box of beasts
 S - a sack of spiders
Comestibles
 c - 24 bread rations {@e1}
 k - 17 royal jellies
 t - 15 meat rations {@e2}


   Skills:
 + Level 15.6 Fighting
 - Level 20.1 Maces & Flails
 + Level 15.6 Armour
 + Level 14.2 Dodging
 + Level 11.2 Evocations


You had 16 spell levels left.
You didn't know any spells.

Dungeon Overview and Level Annotations

Branches:
Dungeon (15/15)            Temple (0/1) D:6            Lair (6/6) D:10
  Swamp (4/4) Lair:2       Spider (0/4) Lair:4        Slime (0/5) Lair:6
    Orc (2/2) D:11            Elf (0/3) Orc:2        Vaults (0/5) D:13
 Depths (0/5) D:15

Altars:
Ashenzari
Elyvilon
Hepliaklqana
Kikubaaqudgha
Makhleb
Nemelex Xobeh
Okawaru
Ru
Sif Muna
Uskayaw
Vehumet
Xom
Yredelemnul
Zin
Beogh
Jiyva

Shops:
D:4 [(:*   D:13 ?*%}   D:14 }   Orc:2 =*%([

Annotations:
D:13 4 exclusions
Lair:4 exclusions: 4 oklob plants and orb spider


Innate Abilities, Weirdness & Mutations

You reflexively headbutt those who attack you in melee.
You have a pair of horns on your head.


Message History

The bog body is engulfed in blazing flames.
You barely miss Mara.
Your ogre barely misses the bog body.
Your cyclops hits Mara!!
Firecrotchwizard's illusion hits you but does no damage.
You hit Mara.
Mara's magic leaks into the air.
You headbutt Mara.
Your ogre barely misses the bog body.
Mara smirks. "I am one who seeks the Path and the Right."
Mara hits you with a demon blade of freezing.
Mara freezes you.
Your cyclops hits Mara but does no damage.
Firecrotchwizard's illusion completely misses you.
You furiously retaliate!
You headbutt Firecrotchwizard's illusion, but do no damage.
You take 3 damage, and have 63/156 hp.
You bludgeon Mara!!
You kill Mara!
Trog accepts your kill.
Mara shimmers and vanishes!
Firecrotchwizard's illusion disappears in a puff of smoke!
Your ogre barely misses the bog body.
You thump the spiny frog!
Your cyclops barely misses the bog body.
The spiny frog stings you but does no damage.
You bludgeon the spiny frog!!
You headbutt the spiny frog, but do no damage.
Your cyclops completely misses the bog body.
The spiny frog barely misses you. The bog body casts a spell at you.
You easily resist.
Your ogre hits the bog body with a giant spiked club!!
You hit the spiny frog but do no damage.
You headbutt the spiny frog.
You kill the spiny frog!
Trog accepts your kill.
Your cyclops closely misses the bog body.
You crush the bog body like a grape!!!
You destroy the bog body!
Trog accepts your kill.
Trog appreciates your killing of a magic user.
A swamp worm simulacrum comes into view.
You swap places.
Things that are here:
a demon blade of freezing; a robe A swamp worm simulacrum comes into view.
Your ogre is engulfed in blazing flames.
Your cyclops rages.
The six-headed hydra simulacrum closely misses you.
The six-headed hydra simulacrum barely misses you.
The six-headed hydra simulacrum completely misses you.
The six-headed hydra simulacrum bites you but does no damage.
The six-headed hydra simulacrum completely misses you. x2
You see here a spiny frog corpse.
You hit the six-headed hydra simulacrum.
You headbutt the six-headed hydra simulacrum!!
You bludgeon the six-headed hydra simulacrum!!
The six-headed hydra simulacrum vapourises!
Trog accepts your kill.
Your ogre hits the swamp worm simulacrum with a giant spiked club!!
The swamp worm simulacrum vapourises!
Trog accepts your kill.
Really walk into that cloud of freezing vapour? [Y]es or [N]o only, please.
Really walk into that cloud of freezing vapour?
Okay, then.
You are feeling very hungry.
You hear a croak.
Your cyclops is engulfed in freezing vapours.
Your cyclops hits the swamp worm simulacrum!!
A five-headed hydra simulacrum comes into view.
The swamp worm simulacrum barely misses your cyclops.
Your cyclops is engulfed in freezing vapours.
Your cyclops hits the swamp worm simulacrum!!
The swamp worm simulacrum vapourises!
Trog accepts your kill.
A spiny frog comes into view.
The five-headed hydra simulacrum bites your ogre!
The five-headed hydra simulacrum freezes your ogre!!
Your ogre dies!
Your ogre's corpse disappears in a puff of smoke!
Your cyclops rages.
The spiny frog stings your cyclops!!
Your cyclops looks as sick as possible!
The spiny frog poisons your cyclops!
Your cyclops hits the spiny frog. The spiny frog stings your cyclops!
Your cyclops looks as sick as possible!
The spiny frog poisons your cyclops!
Your cyclops hits the spiny frog!! The spiny frog stings your cyclops.
Your cyclops completely misses the spiny frog.
The spiny frog stings your cyclops!
Your cyclops dies!
Your cyclops's corpse disappears in a puff of smoke!
You enter the shallow water.
Moving in this stuff is going to be slow.
The five-headed hydra simulacrum bites you.
The five-headed hydra simulacrum freezes you!!
* * * LOW HITPOINT WARNING * * *
The five-headed hydra simulacrum bites you!
* * * LOW HITPOINT WARNING * * *
The five-headed hydra simulacrum freezes you!!
You die...

.≈≈≈≈≈≈≈≈≈≈≈♣
♣.≈≈≈≈≈≈≈≈≈
♣♣.≈≈≈≈.≈≈♣
♣≈≈≈≈≈≈?..♣ ♣♣ ♣§≈≈≈.♣
≈≈≈ ♣♣♣..♣.≈≈.≈♣♣ .≈≈≈
...♣♣..≈..≈.♣ ♣.≈≈≈
♣F§♣♣.Z..≈♣♣♣.≈≈≈≈
♣♣♣..≈@..≈≈..≈≈≈≈≈
♣♣♣†...≈≈≈≈≈≈≈≈≈
♣≈.)..≈.≈≈≈≈≈≈≈§
♣..≈.≈♣≈.≈≈≈...≈♣.
♣≈...♣≈.≈..≈.≈≈♣♣
♣♣♣♣♣<.≈≈♣..≈≈≈≈.♣ ♣♣
♣♣♣≈♣♣♣♣≈..♣♣≈.≈≈≈.♣♣♣
♣♣. ♣≈≈≈.♣
♣♣♣♣♣♣♣..§♣.≈.♣♣ ♣..
♣≈≈≈≈♣♣♣♣♣
♣≈≈≈≈≈≈≈≈≈♣♣ ♣.≈


You could see a spiny frog and a five-headed hydra simulacrum.

Vanquished Creatures
  Mara (Swamp:4)
  Rupert (Lair:4)
  A thorn hunter (Swamp:2)
  Agnes (D:15)
  Donald (Swamp:4)
  A reaper (IceCv)
  The ghost of rodrick the Unseen, a journeyman SpAK of Lugonu (IceCv)
  Snorg (Orc:1)
  3 ettins (Orc:2)
  A minotaur (Lab)
  An ogre mage (D:13)
  Fannar (Orc:1)
  14 hydras
  Erolcha (Orc:1)
  2 ghost crabs
  5 vault guards (D:13)
  2 rakshasas (D:15)
  An ice dragon (Swamp:4)
  2 centaur warriors
  7 death knights
  6 alligators
  11 two-headed ogres
  4 death yaks (Lair:6)
  A fire crab (shapeshifter) (D:14)
  6 skeletal warriors
  2 unseen horrors
  2 spriggan druids
  2 shambling mangroves
  A swamp dragon (Swamp:3)
  A wolf spider zombie (D:15)
  3 orc knights (D:15)
  An orc sorcerer (D:13)
  A lindwurm (Volcano)
  3 manticores
  14 ugly things
  16 slime creatures
  10 cyclopes
  Maurice (Orc:1)
  An ice statue (IceCv)
  3 black mambas
  33 spiny frogs
  2 gargoyles
  A kobold demonologist (D:15)
  6 komodo dragons
  5 rime drakes
  10 ice devils (IceCv)
  A yaktaur (D:13)
  4 freezing wraiths (Swamp:4)
  15 trolls
  9 wind drakes (D:13)
  10 tyrant leeches
  2 polar bears (Lair:4)
  7 bog bodies
  12 hornets
  22 blink frogs
  14 dream sheep
  13 hippogriffs
  A meliai zombie (D:14)
  5 spriggans
  Sigmund (D:6)
  4 wraiths
  10 air elementals (D:13)
  A vampire (D:14)
  2 shadows
  23 yaks
  9 fire bats (Volcano)
  Grum (D:8)
  2 water elementals (D:14)
  Eustachio (D:6)
  8 wyverns
  A swamp worm simulacrum (Swamp:4)
  7 basilisks
  A steam dragon (Volcano)
  2 hungry ghosts
  20 vampire mosquitoes
  Edmund (D:4)
  20 swamp worms
  An acid dragon (D:10)
  29 insubstantial wisps
  Duvessa (D:4)
  4 hell hounds (Volcano)
  21 water moccasins
  3 hydra simulacra (Swamp:4)
  9 porcupines
  3 sky beasts
  4 black bears
  5 ice beasts
  15 swamp drakes
  22 orc warriors
  3 phantoms
  An eye of draining (D:10)
  An ogre (shapeshifter) (D:15)
  14 ogres
  9 boggarts
  14 centaurs
  13 wolves
  11 crocodiles
  4 big kobolds
  24 bullfrogs
  Dowan (D:4)
  5 scorpions
  2 wyvern skeletons (D:14)
  13 killer bees
  8 wights
  4 electric eels
  4 howler monkeys
  4 centaur zombies
  10 crimson imps
  4 jellies
  A quasit (D:6)
  A bullfrog zombie (D:6)
  8 hounds
  21 orc wizards
  5 bullfrog skeletons
  12 orc priests
  2 centaur skeletons
  10 iguanas
  2 killer bee zombies
  16 worker ants
  3 hound zombies
  A mummy (Ossuary)
  2 hound skeletons
  A worker ant zombie (D:8)
  15 adders
  2 howler monkey skeletons
  4 river rats
  6 shadow imps
  7 white imps (IceCv)
  3 swamp drake simulacra (Swamp:4)
  6 ufetubi (IceCv)
  2 oozes
  An adder zombie (D:7)
  9 worms
  3 leopard geckos
  87 orcs
  7 giant cockroaches
  2 gnoll zombies (D:5)
  10 goblins
  10 hobgoblins
  17 jackals
  5 quokkas
  5 ball pythons
  4 bats
  5 frilled lizards
  3 gnoll skeletons (Ossuary)
  A jackal skeleton (D:8)
  22 kobolds
  12 kobold skeletons (Ossuary)
  A leopard gecko zombie (D:5)
  10 orc skeletons (Ossuary)
  6 rats
  A briar patch (Swamp:2)
1040 creatures vanquished.

Vanquished Creatures (collateral kills)
  An ugly thing (D:15)
  A hippogriff (shapeshifter) (D:15)
  2 swamp worm simulacra (Swamp:4)
4 creatures vanquished.

Vanquished Creatures (others)
  An ice statue (IceCv)
  A hippogriff (Lair:6)
  A swamp worm simulacrum (Swamp:4)
  An orc wizard (D:8)
  4 white imps (IceCv)
  3 ufetubi (IceCv)
  14 ball lightnings (D:13)
  8 fungi
  44 plants
77 creatures vanquished.

Grand Total: 1121 creatures vanquished

Notes
Turn   | Place    | Note
-------+----------+-------------------------------------------
     0 | D:1      | Firecrotchwizard the Minotaur Berserker began the quest for the Orb.
     0 | D:1      | Reached XP level 1. HP: 19/19 MP: 0/0
    87 | D:1      | Reached XP level 2. HP: 27/27 MP: 1/1
   145 | D:1      | Reached skill level 4 in Maces & Flails
   385 | D:1      | Reached skill level 4 in Fighting
   558 | D:2      | Reached XP level 3. HP: 33/33 MP: 2/2
   561 | D:2      | Reached ** piety under Trog
   563 | D:2      | Reached skill level 3 in Armour
  1137 | D:2      | Reached XP level 4. HP: 40/40 MP: 3/3
  1399 | D:3      | Found an ancient bone altar of Kikubaaqudgha.
  1454 | D:3      | Found a shattered altar of Ashenzari.
  1772 | D:3      | Reached skill level 5 in Maces & Flails
  1927 | D:3      | Found a shimmering altar of Xom.
  2172 | D:4      | Found Oquoj's Book Boutique.
  2172 | D:4      | Found Vueqeg's Assorted Antiques.
  2194 | D:4      | Reached XP level 5. HP: 37/47 MP: 4/4
  2438 | D:4      | Bought a scroll labeled GYFRIMN KUIV for 27 gold pieces
  2438 | D:4      | Bought a scroll labeled ORUYW WOFO for 27 gold pieces
  2443 | D:4      | Noticed Edmund
  2456 | D:4      | Killed Edmund
  2456 | D:4      | Reached skill level 5 in Fighting
  2456 | D:4      | Reached skill level 6 in Maces & Flails
  2456 | D:4      | Reached skill level 4 in Armour
  2456 | D:4      | Reached skill level 3 in Dodging
  2456 | D:4      | Reached XP level 6. HP: 54/56 MP: 5/5
  2483 | D:4      | Noticed Duvessa
  2502 | D:4      | Noticed Dowan
  2503 | D:4      | Killed Duvessa
  2513 | D:4      | Killed Dowan
  2679 | D:4      | Reached XP level 7. HP: 53/61 MP: 6/6
  2767 | D:4      | Reached skill level 7 in Maces & Flails
  2767 | D:4      | Reached skill level 5 in Armour
  2776 | D:4      | Reached skill level 4 in Dodging
  2783 | D:4      | Reached *** piety under Trog
  2798 | D:4      | Got a wavering sapphire amulet
  2810 | D:4      | Found Puguhagg's Antique Weapon Boutique.
  2815 | D:4      | Found Oxisebog's Armour Emporium.
  2924 | D:5      | Entered Level 5 of the Dungeon
  2924 | D:5      | Found a sacrificial altar of Ru.
  2943 | D:5      | Identified the amulet of Thoughtfulness {RegenMP rElec Str+3 Dex+5} (You found it on level 4 of the Dungeon)
  3067 | D:5      | Found a sparkling altar of Nemelex Xobeh.
  3203 | D:5      | Found a deep blue altar of Sif Muna.
  3460 | D:5      | Found a basalt altar of Yredelemnul.
  3642 | D:6      | Reached skill level 6 in Fighting
  3691 | D:6      | Reached skill level 8 in Maces & Flails
  3691 | D:6      | Reached XP level 8. HP: 23/70 MP: 7/7
  3795 | D:6      | Found a sand-covered staircase.
  3803 | Ossuary  | Entered an ossuary
  3981 | Ossuary  | Reached skill level 6 in Armour
  4026 | Ossuary  | Reached **** piety under Trog
  4171 | D:6      | Found a glowing drain.
  4180 | Sewer    | Entered a sewer
  4186 | Sewer    | Reached skill level 5 in Dodging
  4342 | Sewer    | Reached skill level 9 in Maces & Flails
  4530 | D:6      | Found a radiant altar of Vehumet.
  4536 | D:6      | Found a staircase to the Ecumenical Temple.
  4542 | D:6      | Noticed Sigmund
  4981 | D:6      | Noticed Eustachio
  4997 | D:6      | Killed Eustachio
  4997 | D:6      | Reached skill level 7 in Fighting
  5084 | D:6      | Killed Sigmund
  5084 | D:6      | Reached skill level 7 in Armour
  5084 | D:6      | Reached XP level 9. HP: 74/79 MP: 8/8
  5208 | D:7      | Reached skill level 6 in Dodging
  5209 | D:7      | Found a hide-covered altar of Uskayaw.
  5298 | D:7      | Found a sacrificial altar of Ru.
  5314 | D:7      | Reached skill level 10 in Maces & Flails
  5332 | D:7      | Reached ***** piety under Trog
  5676 | D:7      | Noticed a manticore
  5677 | D:7      | Noticed a two-headed ogre
  5677 | D:7      | Noticed a skeletal warrior
  5681 | D:7      | Reached skill level 8 in Fighting
  5686 | D:7      | Killed a two-headed ogre
  5686 | D:7      | Reached skill level 11 in Maces & Flails
  5686 | D:7      | Reached skill level 7 in Dodging
  5700 | D:7      | Killed a skeletal warrior
  5700 | D:7      | Reached skill level 8 in Armour
  5700 | D:7      | Reached XP level 10. HP: 34/90 MP: 9/9
  5707 | D:7      | Killed a manticore
  5959 | D:7      | Got a fine chain mail
  5981 | D:7      | Identified the cursed +1 chain mail of the Farrier {-Tele Dex+6} (You found it on level 7 of the Dungeon)
  6025 | D:7      | Found a hazy altar of Hepliaklqana.
  6026 | D:7      | Found an iron altar of Okawaru.
  6027 | D:7      | Found a white marble altar of Elyvilon.
  6027 | D:7      | Found a glowing silver altar of Zin.
  6085 | D:7      | Reached skill level 9 in Fighting
  6761 | D:8      | Reached skill level 12 in Maces & Flails
  6964 | D:8      | Noticed a two-headed ogre
  6973 | D:8      | Killed a two-headed ogre
  6973 | D:8      | Reached skill level 9 in Armour
  6973 | D:8      | Reached skill level 8 in Dodging
  7521 | D:8      | Received a gift from Trog
  7532 | D:8      | Noticed Grum
  7542 | D:8      | Killed Grum
  8061 | D:9      | Got a thick robe
  8365 | D:9      | Reached XP level 11. HP: 95/99 MP: 10/10
  8369 | D:9      | Reached skill level 10 in Fighting
  8369 | D:9      | Reached skill level 13 in Maces & Flails
  8580 | D:10     | Entered Level 10 of the Dungeon
  8782 | D:10     | HP: 19/99 [komodo dragon (20)]
  9135 | D:10     | Found a burning altar of Makhleb.
  9210 | D:10     | Received a gift from Trog
  9624 | D:10     | Reached skill level 9 in Dodging
  9779 | D:10     | Found a staircase to the Lair.
 10223 | D:11     | Noticed a cyan ugly thing
 10223 | D:11     | Noticed a two-headed ogre
 10230 | D:11     | Killed a two-headed ogre
 10230 | D:11     | Reached skill level 10 in Armour
 10237 | D:11     | Killed a cyan ugly thing
 10398 | D:11     | Noticed a two-headed ogre
 10419 | D:11     | Killed a two-headed ogre
 10419 | D:11     | Reached skill level 14 in Maces & Flails
 10419 | D:11     | Reached skill level 1 in Evocations
 10664 | D:11     | Noticed a six-headed hydra
 10671 | D:11     | Killed a six-headed hydra
 10671 | D:11     | Reached skill level 2 in Evocations
 10807 | D:11     | Found a staircase to the Orcish Mines.
 10949 | Lair:1   | Entered Level 1 of the Lair of Beasts
 11377 | Lair:1   | Reached skill level 3 in Evocations
 11621 | Lair:1   | Reached skill level 15 in Maces & Flails
 11819 | Lair:2   | Reached XP level 12. HP: 107/107 MP: 13/13
 12194 | Lair:2   | Reached skill level 4 in Evocations
 12320 | Lair:2   | Found a staircase to the Swamp.
 12596 | Lair:2   | Received a gift from Trog
 12854 | Lair:3   | Got a glittering amber ring
 12856 | Lair:3   | Identified the ring "Naley" {Wiz Int+3 SInv Stlth-} (You found it on level 3 of the Lair of Beasts)
 13146 | Lair:3   | Found a dark tunnel.
 13156 | Volcano  | Entered a volcano
 13162 | Volcano  | Reached skill level 16 in Maces & Flails
 13197 | Volcano  | Reached skill level 5 in Evocations
 13203 | Volcano  | HP: 24/107 [fire bat (3)]
 13853 | Lair:4   | Noticed a seven-headed hydra
 13861 | Lair:4   | Killed a seven-headed hydra
 13937 | Lair:4   | Noticed a six-headed hydra
 13964 | Lair:4   | Killed a six-headed hydra
 13968 | Lair:4   | Reached skill level 17 in Maces & Flails
 14043 | Lair:4   | Reached skill level 6 in Evocations
 14044 | Lair:4   | Noticed a seven-headed hydra
 14048 | Lair:4   | Noticed an eight-headed hydra
 14055 | Lair:4   | Killed a seven-headed hydra
 14293 | Lair:4   | Noticed Rupert
 14316 | Lair:4   | Killed Rupert
 14316 | Lair:4   | Reached XP level 13. HP: 83/114 MP: 15/17
 14832 | Lair:4   | Reached skill level 7 in Evocations
 14845 | Lair:4   | Found a hole to the Spider Nest.
 15430 | Lair:5   | Found a labyrinth entrance.
 15441 | Lair:5   | Reached skill level 18 in Maces & Flails
 15446 | Lair:5   | Received a gift from Trog
 15573 | Lab      | Entered a labyrinth
 15751 | Lab      | Identified the Catalogue of Translocation and the Glacier
 15755 | Lab      | Got a smoking lapis lazuli ring
 15757 | Lab      | Noticed a minotaur
 15766 | Lab      | Killed a minotaur
 15768 | Lab      | Got a fine plate armour
 15779 | Lab      | Identified the +13 plate armour of the Guild-Master {rPois Int+4} (You took it off a minotaur in a labyrinth)
 15798 | Lab      | Identified the ring "Usaiwung" {rN+ Int+4 SInv Stlth-} (You found it in a labyrinth)
 16546 | Lair:6   | Entered Level 6 of the Lair of Beasts
 16687 | Lair:6   | Reached skill level 11 in Fighting
 16784 | Lair:6   | Reached skill level 10 in Dodging
 16799 | Lair:6   | Reached skill level 8 in Evocations
 16825 | Lair:6   | Reached skill level 11 in Armour
 16930 | Lair:6   | Received a gift from Trog
 17001 | Lair:6   | Reached XP level 14. HP: 124/124 MP: 6/19
 17240 | Lair:6   | Reached skill level 19 in Maces & Flails
 17560 | Lair:6   | Found a viscous altar of Jiyva.
 17560 | Lair:6   | Found a staircase to the Slime Pits.
 18218 | Orc:1    | Entered Level 1 of the Orcish Mines
 18224 | Orc:1    | Noticed Erolcha
 18242 | Orc:1    | Killed Erolcha
 18345 | Orc:1    | Noticed Fannar
 18348 | Orc:1    | Noticed Snorg
 18357 | Orc:1    | Killed Snorg
 18357 | Orc:1    | Reached skill level 12 in Fighting
 18357 | Orc:1    | Reached skill level 11 in Dodging
 18358 | Orc:1    | Noticed Maurice
 18369 | Orc:1    | Killed Fannar
 18374 | Orc:1    | Killed Maurice
 18375 | Orc:1    | Received a gift from Trog
 18687 | Orc:1    | Reached skill level 12 in Armour
 18766 | Orc:2    | Entered Level 2 of the Orcish Mines
 18773 | Orc:2    | Found Peic's General Store.
 18910 | Orc:2    | Bought a potion of curing for 30 gold pieces
 18910 | Orc:2    | Bought 2 potions of heal wounds for 100 gold pieces
 18917 | Orc:2    | Found a roughly hewn altar of Beogh.
 19079 | Orc:2    | Found a staircase to the Elven Halls.
 19109 | Orc:2    | Found Caifayr's Antique Armour Boutique.
 19109 | Orc:2    | Noticed a stone giant
 19123 | Orc:2    | Banished a stone giant
 19206 | Orc:2    | Found Weujesch's Antique Weapon Emporium.
 19282 | Orc:2    | Found Mitre's Jewellery Shoppe.
 19436 | Orc:2    | Found Buikk's Food Emporium.
 19599 | Orc:2    | Found a roughly hewn altar of Beogh.
 20733 | D:12     | Reached skill level 20 in Maces & Flails
 20739 | D:12     | Found a frozen archway.
 20744 | IceCv    | Entered an ice cave
 20767 | IceCv    | Reached ****** piety under Trog
 20851 | IceCv    | Noticed rodrick's ghost (journeyman SpAK)
 20872 | IceCv    | Killed rodrick's ghost
 20980 | IceCv    | Received a gift from Trog
 21146 | IceCv    | Reached XP level 15. HP: 92/134 MP: 20/20
 21360 | IceCv    | Got a dazzling demon trident
 22012 | D:12     | Found an iron altar of Okawaru.
 22329 | D:12     | You fall through a shaft!
 22445 | D:13     | Reached skill level 13 in Fighting
 22574 | D:13     | Reached skill level 12 in Dodging
 22910 | D:13     | Found Guannat's Food Boutique.
 23281 | D:13     | HP: 32/135 [??? (29)]
 23290 | D:13     | HP: 24/135 [death knight/enchanted glaive (11)]
 23292 | D:13     | Reached skill level 13 in Armour
 23719 | D:13     | Found Ruofextese's Gadget Emporium.
 23731 | D:13     | Bought a phial of floods for 760 gold pieces
 23796 | D:13     | Found Bot Omnu's Assorted Antiques.
 23942 | D:13     | Reached skill level 9 in Evocations
 23956 | D:13     | HP: 34/136 [??? (31)]
 24234 | D:13     | Identified a scroll of acquirement
 24410 | D:13     | Found Weophahi's Magic Scroll Shop.
 24418 | D:13     | Bought a scroll of enchant armour for 90 gold pieces
 24552 | D:13     | Found a gate to the Vaults.
 25443 | D:14     | Received a gift from Trog
 26095 | D:14     | Reached skill level 14 in Fighting
 26123 | D:14     | Found Gyen's Gadget Shoppe.
 26423 | D:15     | Entered Level 15 of the Dungeon
 26543 | D:15     | Reached XP level 16. HP: 135/146 MP: 7/22
 26598 | D:15     | Received a gift from Trog
 26755 | D:15     | Noticed Agnes
 26755 | D:15     | Reached skill level 14 in Armour
 26771 | D:15     | Killed Agnes
 26771 | D:15     | Reached skill level 10 in Evocations
 26814 | D:15     | Reached skill level 13 in Dodging
 27228 | D:15     | Found a staircase to the Depths.
 27968 | Swamp:1  | Entered Level 1 of the Swamp
 28744 | Swamp:2  | Noticed a thorn hunter
 28758 | Swamp:2  | Killed a thorn hunter
 29283 | Swamp:2  | Received a gift from Trog
 29316 | Swamp:2  | Reached skill level 15 in Fighting
 29561 | Swamp:3  | Reached skill level 15 in Armour
 30364 | Swamp:4  | Entered Level 4 of the Swamp
 30629 | Swamp:4  | Noticed Donald
 30630 | Swamp:4  | Received a gift from Trog
 30645 | Swamp:4  | Reached skill level 14 in Dodging
 30648 | Swamp:4  | Killed Donald
 30648 | Swamp:4  | Reached skill level 11 in Evocations
 30999 | Swamp:4  | Reached XP level 17. HP: 156/156 MP: 8/24
 31026 | Swamp:4  | Noticed Mara
 31027 | Swamp:4  | Noticed Firecrotchwizard's illusion
 31059 | Swamp:4  | Killed Mara
 31077 | Swamp:4  | HP: 33/156 [five-headed hydra simulacrum (9)]
 31077 | Swamp:4  | Slain by a five-headed hydra simulacrum

Skill      XL: |  1  2  3  4  5  6  7  8  9 10 11 12 13 14 15 16 |
---------------+-------------------------------------------------+-----
Maces & Flails | 4 5 6 8 9 11 12 15 17 18 20 | 20.1
Fighting       | 4 5 6 7 8 9 10 11 12 14 15 | 15.6
Armour         | 3 4 5 7 8 9 10 11 12 13 15 | 15.6
Dodging        | 3 4 5 7 8 9 10 11 12 14 | 14.2
Evocations     | 3 6 8 9 11 | 11.2

Action                   |  1- 3 |  4- 6 |  7- 9 | 10-12 | 13-15 | 16-18 || total
-------------------------+-------+-------+-------+-------+-------+-------++-------
Melee: Mace              |    81 |    92 |       |       |       |       ||   173
       Headbutt          |    13 |    17 |    67 |   200 |   404 |   208 ||   909
       Flail             |       |    37 |   268 |   607 |    67 |       ||   979
       Great mace        |       |       |       |     3 |   855 |   706 ||  1564
       Dire flail        |       |       |       |       |   258 |       ||   258
Invok: Burn Spellbooks   |       |     1 |       |     4 |     2 |     2 ||     9
       Trog's Hand       |       |     2 |     1 |     1 |     4 |       ||     8
       Berserk           |       |     1 |       |     2 |       |       ||     3
       Brothers in Arms  |       |       |       |       |       |     2 ||     2
Evoke: Wand              |       |       |       |       |       |     3 ||     3
       Lightning rod     |       |       |       |       |       |     2 ||     2
       Phial of floods   |       |       |       |       |       |     1 ||     1
       Phantom mirror    |       |       |       |       |       |     1 ||     1
  Use: Scroll            |       |     4 |    15 |    12 |    20 |     3 ||    54
       Potion            |       |       |     1 |     1 |     6 |       ||     8
 Stab: Confused          |       |       |       |       |       |     1 ||     1
  Eat: Chunk             |     1 |     6 |     9 |    26 |    32 |    12 ||    86
       Fruit             |       |       |     2 |     3 |    11 |     2 ||    18
       Royal jelly       |       |       |       |       |       |     1 ||     1
Armor: Ring mail         |     8 |       |       |       |       |       ||     8
       Animal skin       |     2 |       |       |       |       |       ||     2
       Chain mail        |    28 |    62 |   103 |       |       |       ||   193
       Plate armour      |       |       |     4 |   262 |   398 |   265 ||   929
Dodge: Dodged            |    42 |    57 |   163 |   362 |   920 |   597 ||  2141

Vault maps used:
D:1:      lightli_iron_boxes
D:3:      kiku_gazebo_pond_becter, lemuel_coloured_pillars_altar,
          ashenzari_altar_1, first_bread
D:4:      serial_shops, shop_fountains, shop,
          nicolae_shop_temple_entry_statues_fountains, shop_fountains,
          uniq_edmund, uniq_duvessa
D:5:      nemelex_xobeh_ov_fountains_minmay, lemuel_zombie_altar_yredelemnul,
          lemuel_round_altar, overflow_temple_1_default
D:6:      vehumet_crystals, temple_statues, portal_sewer_entry_e,
          chequers_ossuary_entry_cave, uniq_sigmund, uniq_eustachio
D:7:      minmay_the_grid_octo_tiled_octocenter, lemuel_round_altar
D:8:      uniq_grum
D:9:      corexii_shack_village
D:10:     erik_lair_dragon, basic_altar, grunt_ogre_cave
D:11:     orc_0_dummy
D:12:     portal_ice_cave_entry_pillars_2, okawaru_ov_weapons_minmay
D:13:     cheibrodos_tormentor_scu, grunt_vaults_entry_fortified, serial_shops,
          nicolae_shop_statue_plus, shop, nicolae_shop_trees, shop,
          hangedman_decor_peaks_small, aerie_lemuel
D:14:     lemuel_troll_bridge, serial_shops, nicolae_shop_stone
D:15:     gammafunk_enter_depths_forms, uniq_agnes
Lair:1:   st_stairs_10, infiniplex_staircase_pool_2, lemuel_fruit_fields
Lair:2:   nicolae_swamp_entry_splash_gauntlet
Lair:3:   nicolae_volcano_entry_hallway
Lair:4:   nicolae_spider_entry_orb_guardian, kilobyte_rumbling_trees,
          serial_bayou_shore_a, minmay_lair_oklob_chamber,
          infiniplex_staircase_pool, uniq_rupert
Lair:5:   lab_entry_generic, lemuel_fruit_tree, grunt_megastairs_1
Lair:6:   minmay_lair_end_frog_pond, dpeg_slime_entry_enclosed_altar
Swamp:1:  evilmike_swamp_ruin_rubble_2
Swamp:2:  nicolae_swamp_trees_clearing, swamp_pool5
Swamp:3:  evilmike_swamp_ruin_house_6, uniq_aizul
Swamp:4:  swamp_icy, uniq_mara, uniq_donald
Orc:1:    uniq_snorg, uniq_maurice, uniq_erolcha, uniq_fannar
Orc:2:    grunt_orc_gardens, grunt_orc_garden, grunt_orc_garden,
          grunt_orc_garden, grunt_orc_garden, basic_altar, serial_shops,
          nicolae_shop_trees, mines1_david
Lab:      labyrinth_mini_lab
Sewer:    sewer_co_15_rooms
Ossuary:  ossuary_due_mausoleum
IceCv:    ice_cave_small_demon
Volcano:  volcano_caves

Table legend:
 A = Turns spent in this place as a percentage of turns spent in the entire game.
 B = Non-inter-level travel turns spent in this place as a percentage of non-inter-level travel turns spent in the entire game.
 C = Inter-level travel turns spent in this place as a percentage of turns spent in this place.
 D = Turns resting spent in this place as a percentage of non-inter-level travel turns spent in this place.
 E = Turns spent auto-exploring this place as a percentage of non-inter-level travel turns spent in this place.
 F = Non-inter-level travel turns spent in this place divided by the number of levels of this place that you've seen.
                   A       B       C       D       E      F
               +-------+-------+-------+-------+-------+----------------------
         Total | 100.0 | 100.0 |   0.8 |   3.3 |  10.3 | 274.7
       Dungeon |  52.2 |  52.3 |   0.8 |   3.3 |  11.8 | 306.3
          Lair |  19.3 |  19.1 |   1.6 |   3.8 |  10.0 | 280.5
         Swamp |  12.9 |  12.9 |   0.3 |   1.2 |   8.1 | 284.5
  Orcish Mines |   5.0 |   5.0 |   1.1 |   2.8 |  15.1 | 218.0
     Labyrinth |   2.5 |   2.5 |   0.0 |   0.0 |   0.0 | 222.0
         Sewer |   1.4 |   1.5 |   0.0 |   0.0 |  11.7 | 128.0
       Ossuary |   1.4 |   1.4 |   0.0 |   1.6 |  10.6 | 123.0
      Ice Cave |   4.4 |   4.4 |   0.0 |   8.2 |   2.1 | 389.0
       Volcano |   0.9 |   0.9 |   0.0 |  18.2 |   6.5 |  77.0
               +-------+-------+-------+-------+-------+----------------------

Table legend:
 A = Kills in this place as a percentage of kills in entire the game.
 B = Kills by you in this place as a percentage of kills by you in the entire game.
 C = Kills by friends in this place as a percentage of kills by friends in the entire game.
 D = Other kills in this place as a percentage of other kills in the entire game.
 E = Experience gained in this place as a percentage of experience gained in the entire game.
 F = Experience gained in this place divided by the number of levels of this place that you have seen.
                   A       B       C       D       E      F
               +-------+-------+-------+-------+-------+----------------------
         Total | 100.0 | 100.0 | 100.0 | 100.0 | 100.0 | 7035.2
       Dungeon |  53.0 |  53.1 |  50.0 |   0.0 |  40.0 | 6002.8
          Lair |  19.9 |  20.0 |   0.0 |   0.0 |  25.1 | 9409.2
         Swamp |  12.6 |  12.5 |  50.0 |   0.0 |  22.8 | 12835.5
  Orcish Mines |   5.9 |   5.9 |   0.0 |  50.0 |   6.9 | 7738.5
     Labyrinth |   0.1 |   0.1 |   0.0 |   0.0 |   0.5 | 1098.0
         Sewer |   1.8 |   1.8 |   0.0 |   0.0 |   0.1 | 298.0
       Ossuary |   2.6 |   2.6 |   0.0 |   0.0 |   0.1 | 274.0
      Ice Cave |   2.6 |   2.5 |   0.0 |  50.0 |   3.1 | 6985.0
       Volcano |   1.4 |   1.4 |   0.0 |   0.0 |   1.4 | 3154.0
               +-------+-------+-------+-------+-------+----------------------
